 Dungeon Crawl Stone Soup version 0.18-b1-18-g7758cf2 (webtiles) character file.

2661 dvd the Grappler (level 9, -17/78 HPs)
             Began as a Ghoul Monk on May 2, 2016.
             Demolished by an orc warrior
             ... wielding a +0 halberd
              (20 damage)
             ... on level 6 of the Dungeon.
             The game lasted 00:24:28 (7296 turns).

dvd the Grappler (Ghoul Monk)                       Turns: 7296, Time: 00:24:28

Health: -17/78     AC:  6    Str: 16    XL:     9   Next: 63%
Magic:  8/8        EV: 16    Int:  5    God:
Gold:   294        SH:  0    Dex: 16    Spells: 0 memorised, 8 levels left

rFire  + . .     SeeInvis .       - Unarmed
rCold  + . .     Gourm    .     s - +1 leather armour {rF+}
rNeg   + + +     Faith    .     (no shield)
rPois  ∞         Spirit   .     (no helmet)
rElec  .         Dismiss  .     j - +0 cloak
rCorr  .         Reflect  .     y - +0 pair of gloves
SustAt .         Harm     +     (no boots)
MR     .....                    f - amulet of harm
Stlth  +++.......               t - +3 ring of dexterity
                                h - ring of flight

@: rotting, not resistant to hostile enchantments, fairly stealthy
A: rotting body, claws 1, carnivore 3, cold resistance 1, negative energy
resistance 3, slow regeneration 1, torment resistance, unbreathing
a: Evoke Flight


You were on level 6 of the Dungeon.
You were not hungry.

You visited 2 branches of the dungeon, and saw 7 of its levels.

You collected 306 gold pieces.
You spent 12 gold pieces at shops.

Inventory:

Hand Weapons
 p - a +1 hand crossbow
Missiles
 c - 4 tomahawks
 r - 6 javelins (quivered)
 w - 41 bolts
Armour
 j - a +0 cloak (worn)
 s - a +1 leather armour of fire resistance (worn)
 y - a +0 pair of gloves (worn)
Magical Staves
 v - an uncursed staff of energy
Jewellery
 f - an amulet of harm (around neck)
 h - a ring of flight (left hand)
 t - a +3 ring of dexterity (right hand)
Scrolls
 a - 2 scrolls of identify
 e - a scroll of fear
 l - 5 scrolls of teleportation
 o - a scroll of enchant weapon
 A - a scroll of remove curse
 B - a scroll of blinking
Potions
 d - 2 potions of curing
 i - a potion of heal wounds {unknown}
 q - a potion of berserk rage {unknown}
 x - a potion of cancellation {unknown}
 z - a potion of haste {unknown}
Comestibles
 b - 8 meat rations
 m - 2 beef jerkies
 u - a slice of pizza


   Skills:
 + Level 6.7 Fighting
 + Level 0.5 Throwing
 + Level 3.7 Armour
 + Level 7.3 Dodging
 + Level 4.7 Stealth
 + Level 8.8 Unarmed Combat


You had 8 spell levels left.
You didn't know any spells.

Dungeon Overview and Level Annotations

Branches:
Dungeon (6/15)             Temple (1/1) D:5

Altars:
Ashenzari
Cheibriados
Dithmenos
Elyvilon
Fedhas
Makhleb
Pakellas
Qazlal
Sif Muna
Trog
Vehumet
Xom
Zin

Shops:
D:5 !


Innate Abilities, Weirdness & Mutations

Your body is rotting away.
You thrive on raw meat.
You are immune to poison.
You have sharp fingernails.
You are carnivorous and can eat meat at any time.
Your flesh is cold resistant.
You are immune to negative energy.
You regenerate slowly when monsters are visible.
You are immune to unholy pain and torment.
You can survive without breathing.


Message History

The orc warrior hits you with a halberd!
* * * LOW HITPOINT WARNING * * *
You hit the orc warrior but do no damage.
The orc warrior is severely wounded.
You hit the orc warrior.
The orc warrior is almost dead.
The orc warrior misses you.
You closely miss the orc warrior.
The orc warrior is almost dead.
The orc warrior closely misses you.
You closely miss the orc warrior.
The orc warrior is almost dead.
You hit the orc warrior.
The orc warrior is almost dead.
The orc warrior hits you with a halberd!
* * * LOW HITPOINT WARNING * * *
You closely miss the orc warrior.
The orc warrior is almost dead.
The orc warrior hits you with a halberd!
You die...

# #..#....###.####....#
#####.........## ##...#
.##..........## #.###
............## #.# ###........##
#.# .##..###...# ##.#
.#..####.#.## ###..# ...#
#..##.#####....## ..##
#.###...#o@.###.###... # .## #.#
#..#...###.........## # .# ##.#
##.##(###..####.....### ## #.##
#.##..#..## ##......#. #
####.#####.###...## #.........
###..........##....# ###......#
#
........###..............#....##
######.## ##.##....###......o.##
.# ##.# #. #...## #.......o#


You could see an orc warrior.

Vanquished Creatures
  Pikel (D:5)
  Prince Ribbit (D:5)
  Sigmund (D:3)
  Menkaure (D:6)
  A sky beast (D:6)
  2 ice beasts
  An orc warrior (D:6)
  A slave (D:5)
  3 phantoms
  An ogre (D:5)
  A centaur (D:5)
  Blork the orc (D:6)
  2 giant frogs
  4 crimson imps
  A giant frog zombie (D:6)
  2 orc priests
  A centaur skeleton (D:6)
  A hound (D:5)
  2 orc wizards
  5 worker ants
  A killer bee zombie (D:6)
  A hound skeleton (D:4)
  A howler monkey skeleton (D:5)
  4 gnolls
  7 adders
  2 river rats (D:6)
  3 worms
  3 dart slugs
  A giant gecko (D:3)
  13 orcs
  4 ball pythons
  8 bats
  8 giant cockroaches
  9 goblins
  10 hobgoblins
  13 jackals
  7 kobolds
  2 quokkas (D:3)
  A giant gecko zombie (D:4)
  8 giant newts
  7 rats
146 creatures vanquished.

Vanquished Creatures (others)
  A slave (D:5)
  2 crimson imps (D:5)
  A giant frog skeleton (D:5)
  An orc (D:5)
5 creatures vanquished.

Grand Total: 151 creatures vanquished

Notes
Turn   | Place    | Note
--------------------------------------------------------------
     0 | D:1      | dvd the Ghoul Monk began the quest for the Orb.
     0 | D:1      | Reached XP level 1. HP: 19/19 MP: 0/0
   293 | D:1      | Reached XP level 2. HP: 22/25 MP: 1/1
   558 | D:1      | Reached XP level 3. HP: 31/31 MP: 2/2
   970 | D:2      | Reached skill level 5 in Unarmed Combat
  1124 | D:2      | Reached XP level 4. HP: 29/40 MP: 3/3
  1832 | D:3      | Found a shimmering altar of Xom.
  1903 | D:3      | Noticed Sigmund
  1911 | D:3      | Killed Sigmund
  1911 | D:3      | Reached XP level 5. HP: 46/46 MP: 4/4
  1911 | D:3      | Reached XP level 6. HP: 52/52 MP: 5/5
  2643 | D:4      | Reached skill level 6 in Unarmed Combat
  2781 | D:4      | Reached XP level 7. HP: 59/59 MP: 6/6
  3149 | D:4      | Found a deep blue altar of Sif Muna.
  3280 | D:5      | Entered Level 5 of the Dungeon
  3323 | D:4      | Reached skill level 5 in Dodging
  3381 | D:4      | Reached skill level 1 in Armour
  3495 | D:5      | Noticed Prince Ribbit
  4265 | D:5      | Reached skill level 5 in Fighting
  4265 | D:5      | Reached XP level 8. HP: 61/68 MP: 7/7
  4311 | D:5      | Reached skill level 7 in Unarmed Combat
  4361 | D:5      | Noticed Pikel
  4438 | D:5      | Killed Pikel
  4609 | D:5      | Found Nablyqo's Distillery.
  4630 | D:5      | Bought a potion of degeneration for 12 gold pieces
  4808 | D:5      | Killed Prince Ribbit
  4808 | D:5      | Reached XP level 9. HP: 63/75 MP: 8/8
  4983 | D:5      | Found a staircase to the Ecumenical Temple.
  5005 | Temple   | Entered the Ecumenical Temple
  5535 | D:6      | Found a glowing drain.
  5872 | D:6      | Reached skill level 8 in Unarmed Combat
  6183 | D:6      | Noticed Blork the orc
  6199 | D:6      | Killed Blork the orc
  6622 | D:6      | Noticed Menkaure
  6712 | D:6      | Killed Menkaure
  7295 | D:6      | HP: 3/78 [orc warrior/halberd (16)]
  7296 | D:6      | Demolished by an orc warrior

Skill      XL: |  1  2  3  4  5  6  7  8  9 |
---------------+----------------------------+-----
Dodging        | 3 4 5 6 7 |  7.3
Unarmed Combat | 5 6 7 8 |  8.8
Fighting       | 4 5 6 |  6.7
Stealth        | 3 4 |  4.7
Armour         | 2 3 |  3.7
Throwing       | |  0.5

Action                   |  1- 3 |  4- 6 |  7- 9 || total
-------------------------+-------+-------+-------++-------
Melee: Unarmed           |   116 |   148 |   396 ||   660
       Punch             |     2 |       |    13 ||    15
Throw: Javelin           |       |       |     5 ||     5
  Use: Scroll            |       |       |    11 ||    11
       Potion            |       |       |     2 ||     2
 Stab: Sleeping          |     2 |     5 |     3 ||    10
       Distracted        |       |       |     1 ||     1
  Eat: Chunk             |    17 |    11 |    29 ||    57
       Pizza             |       |       |     1 ||     1
Armor: Robe              |    23 |    27 |       ||    50
       Leather armour    |       |     6 |    65 ||    71
Dodge: Dodged            |    68 |   118 |   248 ||   434
